Map: Aura mortal EE

Players

malamour

  • Race: Terran Terran
  • League: Silver
  • Spawn Location: 11:00

MrFercho - Winner!

  • Race: Zerg Zerg
  • League: Silver
  • Spawn Location: 5:00

VOD

Have the link to the VOD?

Description

Time

  • Played on: June 22, 2020, 8:58 p.m.
  • Length: 18:48
Show
View Real Time Build Order
Export as new Build Order

malamour Terran 

Build Orders:  

Get SALT Encoding   

  12  0:01  SCV  
  13  0:18  Supply Depot  
  13  0:19  SCV  
  14  0:31  SCV  
  15  0:42  Barracks  
  15  0:43  SCV  
  15  0:49  Refinery  
  16  0:55  SCV  
  17  1:07  SCV  
  18  1:19  SCV  
  19  1:29  Marine  
  19  1:30  Supply Depot  
  19  1:32  Orbital Command  
  20  1:40  Refinery  
  20  1:47  Marine  
  21  2:03  Factory  
  21  2:08  SCV  
  22  2:20  SCV  
  23  2:28  Barracks Reactor  
  23  2:32  SCV  
  24  2:44  SCV  
  24  2:49  Starport  
  24  2:50  Widow Mine  
  27  3:00  SCV  
  28  3:08  Engineering Bay  
  28  3:11  Widow Mine  
  28  3:12  Marine  
  31  3:19  Marine  
  32  3:29  Marine  
  32  3:30  Supply Depot  
  33  3:37  Marine  
  34  3:48  Marine  
  35  3:55  Marine  
  36  3:56  Supply Depot  
  36  3:57  Command Center  
  36  4:05  Marine  
  37  4:12  Marine  
  38  4:21  Factory Tech Lab  
  38  4:23  Marine  
  39  4:24  Supply Depot  
  39  4:44  Marine x2  
  41  4:47  Starport Tech Lab  
  41  4:51  Siege Tank  
  44  4:55  Terran Infantry Weapons Level 1  
  44  5:01  Marine  
  44  5:02  Marine  
  44  5:03  SCV  
  44  5:04  Barracks  
  47  5:16  Barracks  
  47  5:17  Orbital Command  
  47  5:19  Marine x2  
  49  5:28  Refinery  
  49  5:32  SCV  
  50  5:44  SCV x2  
  52  5:51  Refinery  
  52  5:56  SCV x2  
  54  6:08  SCV x2  
  56  6:17  Factory Tech Lab  
  56  6:20  SCV x2  
  56  6:24  Missile Turret  
  56  6:25  Starport Reactor  
  58  6:32  SCV  
  57  6:39  Stimpack  
  57  6:40  Combat Shield  
  57  6:45  Marauder x2  
  57  6:46  Marine  
  57  6:47  Marine, Missile Turret  
  63  6:57  Supply Depot  
  63  7:02  SCV  
  63  7:04  Marine x2  
  63  7:07  Marauder x2  
  70  7:15  SCV  
  71  7:20  Supply Depot  
  71  7:22  Marine x2  
  72  7:27  SCV  
  72  7:28  Marauder x2  
  78  7:33  Missile Turret  
  78  7:39  SCV  
  78  7:40  Marine x2  
  78  7:43  Supply Depot  
  81  7:47  Medivac x2  
  81  7:49  Marauder, Marine  
  88  8:00  Terran Infantry Armor Level 1  
  88  8:01  Concussive Shells  
  88  8:03  Missile Turret  
  88  8:05  Supply Depot  
  88  8:17  Medivac x2  
  92  8:25  Missile Turret  
  92  8:28  Supply Depot  
  92  8:30  Marauder x2, Command Center  
  92  8:31  Marine  
  92  8:32  Marine  
  98  8:41  SCV  
  98  8:47  Medivac x2, Missile Turret  
  103  8:49  Marine x2  
  103  8:51  Marauder x2  
  103  8:54  SCV  
  110  8:56  Supply Depot  
  110  9:06  SCV  
  111  9:13  Marauder x2  
  115  9:18  Marine, SCV  
  115  9:19  Marine  
  115  9:20  Supply Depot  
  118  9:30  SCV  
  119  9:34  Marauder x2  
  119  9:36  Marine x2  
  125  9:42  Supply Depot  
  125  9:45  Armory  
  125  9:46  Planetary Fortress  
  125  9:51  Missile Turret  
  125  9:55  Marauder x2  
  129  10:06  Supply Depot  
  129  10:09  Marine x2  
  129  10:13  Missile Turret  
  131  10:16  Hi-Sec Auto Tracking  
  131  10:17  Marauder x2  
  135  10:27  Marine x2  
  135  10:28  Supply Depot  
  137  10:38  Marauder, Marine  
  140  10:43  Refinery  
  140  10:44  Marine  
  140  10:45  Marine, Refinery  
  142  10:51  Supply Depot  
  142  10:55  SCV  
  142  10:56  Marauder  
  145  11:00  Marauder  
  145  11:02  Medivac x2  
  151  11:07  SCV  
  151  11:08  Terran Vehicle And Ship Armor Level 1  
  152  11:13  Supply Depot, Terran Infantry Weapons Level 2  
  152  11:17  Marauder  
  154  11:19  SCV  
  154  11:20  Engineering Bay  
  154  11:21  Marauder  
  157  11:32  Medivac x2, SCV  
  162  11:35  Supply Depot  
  162  11:47  Barracks  
  162  11:58  Supply Depot, Terran Infantry Armor Level 2  
  162  12:10  Barracks  
  120  13:20  Marine  
  120  13:21  Marine x3  
  105  13:38  Marine x2  
  105  13:39  Marine x2  
  97  13:48  Barracks Reactor  
  97  13:56  Marine x2  
  97  13:57  Marauder x2, Barracks Tech Lab  
  103  14:14  Marine x2  
  93  14:18  Marauder x2  
  83  14:31  Marine x3  
  82  14:32  Marine x2  
  86  14:40  Marauder x2, Siege Tank  
  93  14:48  Marine  
  93  14:49  Marauder, Marine  
  93  14:50  Marine x2  
  99  15:01  Marauder x2  
  99  15:06  Marine x2  
  104  15:07  Marine  
  104  15:08  Marine  
  104  15:11  Marauder  
  112  15:19  Thor  
  115  15:23  Marauder x2  
  115  15:24  Terran Vehicle And Ship Armor Level 2, Marine x2  
  115  15:25  Marine  
  122  15:32  Marauder  
  124  15:44  Marauder x2  
  128  15:52  Missile Turret  
  128  15:53  Marauder  
  130  15:57  Terran Infantry Weapons Level 3  
  130  16:02  Thor  
  136  16:05  Marauder x2  
  136  16:07  Marine x4  
  123  16:14  Missile Turret  
  123  16:15  Marauder  
  109  16:25  Marine x4  
  99  16:26  Marine x2  
  85  16:36  Marine  
  81  16:42  Marine x2  
  81  16:43  Marine x2  
  81  16:44  Marauder  
  81  16:45  Marauder, Thor  
  79  16:54  Marauder  
  79  17:00  Marine x3  
  79  17:01  Marine  
  80  17:06  Marauder  
  77  17:15  Marauder  
  77  17:18  Marine x2  
  79  17:25  Barracks Tech Lab  
  79  17:27  Marauder, Thor  
  87  17:33  Marine  
  87  17:34  Marine  
  87  17:36  Marine x2  
  93  17:37  Marauder  
  93  17:43  Medivac x2  
  97  17:49  Marauder  
  99  17:51  Marine x2  
  99  17:54  Marine x2  
  105  17:58  Marauder  
  105  18:00  Command Center  
  105  18:04  Missile Turret  
  105  18:10  Marauder  
  107  18:13  Medivac x2  
  110  18:20  Marauder  
  110  18:24  Missile Turret  
  45  18:44  Missile Turret  
Show
View Real Time Build Order
Export as new Build Order

MrFercho Zerg - Winner!

Build Orders: Hatch First, Lurkers 

Get SALT Encoding   

  12  0:01  Drone  
  13  0:15  Overlord  
  13  0:17  Drone  
  14  0:33  Drone x2  
  16  0:42  Drone  
  17  0:56  Hatchery, Drone  
  17  1:00  Drone  
  18  1:15  Spawning Pool  
  18  1:17  Drone  
  18  1:20  Drone  
  19  1:33  Drone  
  20  1:45  Drone  
  21  1:48  Extractor  
  21  1:53  Overlord  
  20  2:10  Drone x2  
  20  2:14  Queen x2  
  26  2:16  Overlord  
  26  2:23  Drone  
  26  2:25  Drone  
  28  2:35  Drone  
  29  2:40  Roach Warren, Drone x2  
  30  3:02  Lair  
  30  3:04  Drone x4  
  34  3:08  Queen  
  34  3:10  Drone  
  34  3:12  Extractor  
  36  3:13  Extractor  
  36  3:14  Drone  
  36  3:21  Drone  
  36  3:24  Drone  
  36  3:25  Drone x3  
  41  3:37  Drone x3  
  41  3:38  Overlord  
  44  3:58  Roach x4  
  44  4:02  Overseer  
  52  4:16  Overlord  
  52  4:17  Overlord x2  
  52  4:18  Overlord  
  52  4:23  Evolution Chamber  
  51  4:39  Roach x5  
  61  4:47  Overseer  
  61  4:50  Drone  
  61  4:51  Drone x2  
  64  4:55  Zerg Missile Weapons Level 1  
  64  5:00  Drone  
  64  5:01  Hydralisk Den  
  64  5:08  Drone x7  
  71  5:14  Hatchery, Drone  
  71  5:25  Drone x2  
  71  5:26  Extractor  
  72  5:31  Infestation Pit  
  72  5:34  Evolution Chamber  
  70  5:37  Hydralisk x2  
  74  5:57  Roach  
  74  5:58  Roach x3  
  82  6:10  Drone x2  
  84  6:34  Spore Crawler  
  84  6:38  Spine Crawler  
  82  6:40  Spine Crawler  
  82  6:46  Overseer  
  81  6:47  Overseer  
  81  6:51  Hydralisk  
  81  6:52  Hydralisk  
  81  6:53  Drone x5  
  90  6:55  Overlord x2  
  90  7:26  Drone  
  90  7:27  Drone x8  
  90  7:28  Overlord  
  99  7:48  Extractor  
  99  7:50  Extractor  
  97  7:52  Drone x8  
  105  8:00  Drone x3  
  108  8:09  Zerg Missile Weapons Level 2, Hatchery  
  108  8:11  Extractor, Zerg Ground Armor Level 1  
  106  8:12  Muscular Augments  
  106  8:14  Hive  
  106  8:17  Drone x6  
  112  8:44  Overlord x8  
  112  9:09  Drone  
  113  9:10  Drone x10  
  123  9:24  Grooved Spines  
  123  9:35  Hydralisk  
  123  9:36  Hydralisk x8  
  141  9:43  Hydralisk x6  
  153  10:01  Hatchery  
  153  10:05  Hatchery  
  151  10:39  Extractor, Hydralisk x13  
  151  10:41  Overlord x6  
  176  10:46  Overseer  
  176  10:47  Overseer  
  176  10:51  Zerg Missile Weapons Level 3, Zerg Ground Armor Level 2  
  176  11:10  Pneumatized Carapace  
  176  11:14  Burrow  
  176  11:22  Hydralisk  
  176  11:23  Hydralisk x11  
  200  11:30  Lurker Den  
  199  11:34  Tunneling Claws  
  197  12:13  Spire  
  190  12:22  Hydralisk x5  
  152  12:39  Lurker x10  
  152  12:40  Lurker x2  
  152  12:42  Hydralisk x15  
  151  12:52  Glial Reconstitution  
  151  12:53  Hydralisk x5  
  151  12:54  Hydralisk x9  
  152  13:06  Hydralisk x8  
  152  13:07  Hydralisk x2  
  172  13:24  Hydralisk x8  
  188  13:27  Hydralisk  
  188  13:29  Hydralisk  
  188  13:32  Zergling x10  
  188  13:33  Zergling x2  
  158  13:52  Hatchery  
  158  13:53  Mutalisk x5  
  167  13:56  Extractor  
  167  13:57  Extractor  
  157  14:43  Hatchery  
  156  15:00  Hydralisk x6  
  156  15:01  Hydralisk x9  
  186  15:20  Drone x5  
  191  15:30  Hydralisk x2  
  191  15:31  Hydralisk x2  
  189  16:10  Lurker x4  
  164  16:12  Hydralisk x11  
  164  16:13  Hydralisk x12  
  190  16:18  Drone x2  
  190  16:19  Drone x3  
  187  16:32  Zerg Melee Weapons Level 1  
  173  16:51  Hydralisk x14  
  173  16:52  Hydralisk x2  
  199  17:00  Hatchery  
  194  17:04  Extractor  
  194  17:06  Extractor  
  194  17:07  Lurker x3  
  189  17:13  Metabolic Boost  
  187  17:34  Hydralisk  
  187  17:35  Hydralisk x5  
Tags
 
Composition
Lurkers
Matchup
TvZ
Replay Pack
MrFercho
Spawn Locations
Cross Positions
Add a new tag
Caveats
  • Supply blocks, unpowered buildings, or Contaminate may cause inaccurate times.
  • Supply counts are checked every 10 seconds.